Cogmind - Beta 13 @@@ ROGUE MODE // 2024.05.12 @ 20:08:04 Player: Red_Zig Result: Destroyed by BG-FYD(R) with Subdweller Machine Gun Performance ------------- Evolutions (0) 0 Regions Visited (2) 400 Robots Destroyed (36) 180 Value Destroyed (879) 879 Prototype IDs (0) 0 Alien Tech Used (0) 0 Bonus (0) 0 TOTAL SCORE: 1459 Bonus ------- None Cogmind --------- Core Integrity 0/250 Matter 219/300 Energy 250/250 System Corruption 0% Temperature Cool (0) Movement Treading (160) Location -10/Subcaves Parts ------- > --- POWER (1) -------- Ion Engine > --- PROPULSION (2) --- Light Treads > --- UTILITY (2) ------ Small Storage Unit Subdweller Optics > --- WEAPON (2) ------- Grenade Launcher Mining Laser > --- INVENTORY (8) ---- Ion Engine Compact Wheel High-capacity Matter Pod (0) Battle Rifle Subdweller Machine Gun Battle Cannon Grenade Launcher Subdweller Shrapnel Launcher Peak State ------------ > --- POWER ------------ Ion Engine > --- PROPULSION ------- Aluminum Leg Aluminum Leg > --- UTILITY ---------- Small Storage Unit Targeting Computer > --- WEAPON ----------- Heavy Riot Gun Subdweller Machine Gun > --- INVENTORY -------- Ion Engine Light Treads Compact Wheel High-capacity Matter Pod Grenade Launcher Grenade Launcher Subdweller Shrapnel Launcher Mining Laser [Rating: 11] Favorites ----------- Power Ion Engine Engine Ion Engine Propulsion Aluminum Leg Treads Light Treads Leg Aluminum Leg Utility Small Storage Unit Device Tractor Beam Storage Small Storage Unit Processor Signal Interpreter Weapon Light Assault Rifle Energy Gun Heavy Riot Gun Ballistic Gun Light Assault Rifle Launcher Grenade Launcher Special Weapon Mining Laser Build | -11 -10 -10 ------- Run | Yrd Mat Sub Slots Evolved . | . . . Power . | . . . Propulsion . | . . . Utility . | . . . Weapon . | . . . Parts Attached 25 | 7 3 15 Power 1 | 1 . . Engine 1 | 1 . . Core . | . . . Reactor . | . . . Propulsion 3 | 2 . 1 Treads 1 | . . 1 Leg 2 | 2 . . Wheel . | . . . Hover . | . . . Flight . | . . . Utility 6 | 2 2 2 Device 3 | 1 1 1 Storage 1 | 1 . . Processor 2 | . 1 1 Hackware . | . . . Protection . | . . . Artifact . | . . . Weapon 15 | 2 1 12 Energy Gun 2 | . . 2 Energy Cannon . | . . . Ballistic Gun 5 | 2 . 3 Ballistic Cannon . | . . . Launcher 5 | . 1 4 Special Weapon 3 | . . 3 Impact Weapon . | . . . Slashing Weapon . | . . . Piercing Weapon . | . . . Special Melee Weapon . | . . . Unidentified Prototypes . | . . . Parts Lost 7 | . . 7 Power . | . . . Propulsion 2 | . . 2 Utility 2 | . . 2 Weapon 3 | . . 3 Highest Loss Streak 2 | . . 2 To Critical Strikes . | . . . Average Slot Usage (%) 95 | . 100 89 Engine 14 | . 14 14 Treads 2 | . . 7 Leg 22 | . 28 14 Device 4 | . 4 6 Storage 14 | . 14 14 Processor 7 | . 9 4 Energy Gun 1 | . . 3 Ballistic Gun 17 | . 23 8 Launcher 6 | . 4 8 Special Weapon 2 | . . 5 Naked Turns . | . . . Heaviest Build 19 | 13 15 19 Greatest Support 20 | 20 20 20 Greatest Overweight (x) 1 | . . 1 Average Overweight (x) . | . . . Largest Inventory Capacity 8 | 8 8 8 Average Capacity 7 | 7 8 8 Most Carried 8 | 7 8 8 Average Carried 7 | 5 7 7 Final Capacity 8 | 8 8 8 Final Carried 8 | 7 8 8 Class Distribution -------------------- 100% | Mutant Dominant Class ---------------- Mutant | -10/Materials Mutant | -10/Subcaves Resources | -11 -10 -10 ----------- Run | Yrd Mat Sub Matter Collected 1653 | 358 978 317 Remotely 209 | . 209 . Salvage Created 919 | 195 473 251 Parts 70 | 20 36 14 Haulers Intercepted 2 | . 2 . Recyclers Shooed 1 | . 1 . Parts Field Recycled . | . . . Retrieved Matter . | . . . Parts Self-Destructed 9 | . . 9 Prevented 2 | . . 2 Kills | -11 -10 -10 ------- Run | Yrd Mat Sub Combat Hostiles Destroyed 18 | . 9 9 Guns 15 | . 9 6 AOE 3 | . . 3 Classes Destroyed 10 | 3 6 1 Worker 4 | 2 2 . Builder 1 | . 1 . Tunneler 5 | 5 . . Hauler 2 | . 2 . Recycler 2 | 1 1 . Operator 1 | . 1 . Watcher 3 | . 3 . Swarmer 10 | . 6 4 Grunt 3 | . 3 . Subdweller 5 | . . 5 Best Kill Streak 4 | 2 4 4 Combat Bots Only 4 | . 3 4 Max Kills in Single Turn 2 | 1 1 2 Gunslinging . | . . . Exploded 2 | . . 2 Melee . | . . . Uniques/NPCs Destroyed . | . . . Combat | -11 -10 -10 -------- Run | Yrd Mat Sub Hostile Shots Fired 93 | . 48 45 Missed 25 | . 13 12 Damage Taken 861 | . 351 510 Core 256 | . 106 150 Absorbed by Shields . | . . . Core Remaining (%) 100 | 100 . . Volleys Fired 218 | 44 122 52 Largest 2 | 2 2 2 Hottest 100 | 40 40 100 Shots Fired 334 | 88 180 66 Gun 252 | 88 116 48 Cannon . | . . . Launcher 70 | . 64 6 Special 12 | . . 12 Kinetic 238 | 88 116 34 Thermal 12 | . . 12 Explosive 68 | . 64 4 Electromagnetic 16 | . . 16 Robot Hit Streak 10 | 7 7 10 Robot Miss Streak 10 | 4 10 5 Penetration Max . | . . . Secondary Targets 2 | . 1 1 Max Gunslinging Chain 1 | . 1 1 Shots Hit Robots 136 | 54 60 22 Core Hits 70 | 15 42 13 Critical Kills 1 | . 1 . Critical Parts Destroyed 1 | . 1 . Critical Strikes 2 | . 2 . Destroy 2 | . 2 . Melee Attacks . | . . . Impact . | . . . Slashing . | . . . Piercing . | . . . Sneak Attacks . | . . . Combat Hostiles . | . . . Follow-up Attacks . | . . . Damage Inflicted 1768 | 410 728 630 Guns 1276 | 410 550 316 Cannons . | . . . Explosions 475 | . 161 314 Melee . | . . . Ramming 17 | . 17 . Kinetic 1199 | 410 550 239 Thermal 31 | . . 31 Explosive 331 | . 161 170 Electromagnetic 190 | . . 190 Impact . | . . . Slashing . | . . . Piercing . | . . . Highest Corruption . | . . . Average Corruption . | . . . Corruption Purged . | . . . Corruption Blocked . | . . . Overload Shots . | . . . Overflow Damage . | . . . Projectiles . | . . . Explosions . | . . . Melee . | . . . Knockbacks . | . . . Impact . | . . . Kinetic . | . . . Secondary . | . . . Self-Inflicted Damage 7 | . 7 . Shots 1 | . 1 . Rammed . | . . . Targets Rammed 4 | . 4 . Kicked 4 | . 4 . Crushed . | . . . Highest Temperature 20 | . 12 20 Average Temperature 9 | . 6 14 Received Heat Transfer 114 | . 42 72 Siege Activations . | . . . Robots Corrupted . | . . . Combat Hostiles . | . . . Parts Fried 2 | . . 2 Impact Corruptions . | . . . Robots Melted . | . . . Combat Hostiles . | . . . Parts Melted . | . . . Heat Transferred 50 | . . 50 Parts Sabotaged . | . . . Parts Stolen . | . . . Parts Stripped . | . . . Power Chain Reactions 1 | . . 1 Alert | -11 -10 -10 ------- Run | Yrd Mat Sub Peak Influence 773 | 40 773 . Initial 26 | . 26 . Average 131 | 16 142 . Maximum Alert Level 3 | . 3 . Low Security (%) 78 | 100 76 . Level 1 9 | . 10 . Level 2 9 | . 10 . Level 3 2 | . 2 . Level 4 . | . . . Level 5 . | . . . High Security . | . . . Max Security . | . . . Squads Dispatched 1 | . 1 . Investigation . | . . . Extermination . | . . . Reinforcement 1 | . 1 . Assault . | . . . Garrison . | . . . Intercept . | . . . Searches Triggered . | . . . Construction Impeded . | . . . Haulers Reinforced . | . . . Active Scanning Responses . | . . . Cargo Convoy Interrupts . | . . . Stealth | -11 -10 -10 --------- Run | Yrd Mat Sub Distress Signals . | . . . Communications Jammed . | . . . Distress Signals . | . . . Times Spotted 32 | . 21 11 Peak Tracking Total 5 | . 3 5 Tactical Retreats 2 | . . 2 Traps | -11 -10 -10 ------- Run | Yrd Mat Sub Traps Triggered 3 | . 2 1 Indirectly . | . . . Trap Hack Attempts . | . . . Triggered . | . . . Disarmed . | . . . Reprogrammed . | . . . Reused . | . . . Traps Extracted . | . . . Installed . | . . . Triggered . | . . . Machines | -11 -10 -10 ---------- Run | Yrd Mat Sub Machines Disabled 34 | . 34 . Max in Single Turn 4 | . 4 . Machines Repaired . | . . . Machines Dismantled . | . . . Machines Sabotaged . | . . . Overloaded Fab Kills . | . . . Hacking | -11 -10 -10 --------- Run | Yrd Mat Sub Machines Accessed 9 | . 8 1 Terminals 6 | . 6 . Fabricators . | . . . Repair Stations . | . . . Recycling Units 2 | . 2 . Scanalyzers . | . . . Garrison Access . | . . . Total Hacks 17 | . 16 1 Successful 6 | . 5 1 Failed 11 | . 11 . Catastrophic . | . . . Database Lockouts . | . . . Manual 17 | . 16 1 Terminals 10 | . 10 . Fabricators . | . . . Repair Stations . | . . . Recycling Units 6 | . 6 . Scanalyzers . | . . . Garrison Access . | . . . Terminal Hacks 1 | . . 1 Record 1 | . . 1 Fabricator Hacks . | . . . Repair Station Hacks . | . . . Recycling Unit Hacks . | . . . Scanalyzer . | . . . Garrison Access Hacks . | . . . Unauthorized Hacks 5 | . 5 . Terminals 3 | . 3 . Botnet 2 | . 2 . Operators 1 | . 1 . Fabricators . | . . . Repair Stations . | . . . Recycling Units 2 | . 2 . Reject 2 | . 2 . Scanalyzers . | . . . Garrison Access . | . . . Data Cores Recovered 1 | . 1 . Used . | . . . Hacking Detections 8 | . 8 . Full Trace Events 1 | . 1 . Feedback Events . | . . . Feedback Blocked . | . . . Robot Schematics Acquired . | . . . Robots Built . | . . . Authchips . | . . . Time . | . . . Total Robot Build Rating . | . . . Part Schematics Acquired . | . . . Parts Built . | . . . Authchips . | . . . Time . | . . . Total Part Build Rating . | . . . Parts Repaired . | . . . Time . | . . . Parts Recycled . | . . . Recycled Matter . | . . . Retrieved Matter . | . . . Retrieved Components . | . . . Parts Scanalyzed . | . . . Part Schematics Acquired . | . . . Parts Damaged . | . . . Bothacking | -11 -10 -10 ------------ Run | Yrd Mat Sub Used RIF Installer . | . . . Robots Hacked . | . . . Non-combat . | . . . Combat . | . . . Robot Hacks Applied . | . . . Relay Couplers Released . | . . . Fabnet Peak Effective % . | . . . Robots Rewired . | . . . Allies Hacked . | . . . Hacks Repelled . | . . . Allies | -11 -10 -10 -------- Run | Yrd Mat Sub Total Allies . | . . . Largest Group . | . . . Highest-Rated Group . | . . . Highest-Rated Ally . | . . . Total Orders . | . . . Ally Attacks . | . . . Total Damage . | . . . Kills . | . . . Allies Corrupted . | . . . Allies Melted . | . . . Intel | -11 -10 -10 ------- Run | Yrd Mat Sub Robot Analysis Total . | . . . Derelict Logs Recovered . | . . . Drone Launches . | . . . Drone Recoveries . | . . . Exploration | -11 -10 -10 ------------- Run | Yrd Mat Sub Turns Passed 4340 | 250 2543 1547 Spaces Moved 2450 | 104 1380 966 Core 12 | 12 . . Treads 466 | . . 466 Legs 1972 | 92 1380 500 Wheels . | . . . Hover . | . . . Flight . | . . . Fastest Speed 50 | 50 120 120 Average Speed 127 | 111 120 140 Slowest Speed 190 | 120 120 190 Overloaded Moves . | . . . Propulsion Burnouts . | . . . Robots Hopped . | . . . Cave-ins Triggered . | . . . Exploration Rate (%) 58 | 6 100 68 Regions Visited 2 Branch Regions 1 Pre-discovered Areas 1 | . . 1 Known Exits Taken . | . . . Unknown Exits Taken 2 | 1 1 . Scrap Searched 3 | . . 3 Spaces Dug 6 | . 6 . Terrain Destroyed 404 | . 365 39 Melee . | . . . Projectile . | . . . AOE 404 | . 365 39 Terrain Rammed . | . . . Walls Destroyed . | . . . Machines Disabled . | . . . Actions | -11 -10 -10 --------- Run | Yrd Mat Sub Total 3342 | 163 2112 1067 Wait 614 | 2 587 25 Move 2448 | 103 1379 966 Hop . | . . . Pick Up 21 | 7 9 5 Fast Attach 11 | 7 1 3 Attach 6 | . . 6 Detach 2 | . . 2 Swap 8 | . 2 6 Drop 10 | . 8 2 Fire 218 | 44 122 52 Melee . | . . . Ram . | . . . Kick 4 | . 4 . Crush . | . . . Escape Stasis . | . . . Rewire . | . . . Trap . | . . . Miscellaneous . | . . . Route ------- -11/Scrapyard -10/Materials (discovered 5 exits: *Mat x3 / [*Min] / *Sub) -10/Subcaves (discovered 1 exit: [*Mat]) History --------- Turn | Location | Event 8 | -11/Scrapyard | Discovered new exit (range 15) 251 | -11/Scrapyard | Entered Materials 314 | -10/Materials | Build established: Mutant 493 | -10/Materials | Discovered new exit (range 12) 571 | -10/Materials | Discovered new exit (range 16) 643 | -10/Materials | Discovered new exit (range 8) 650 | -10/Materials | Identified exit to Materials 1267 | -10/Materials | Discovered exit to Materials (range 15) 1471 | -10/Materials | Discovered new exit (range 7) 2794 | -10/Materials | Entered Subcaves 2961 | -10/Subcaves | Discovered new exit (range 10) 3065 | -10/Subcaves | A swath of the cavern ceiling suddenly collapsed 3250 | -10/Subcaves | Shifting Twisted Machinery released Sub. Shrapnel Launcher 3257 | -10/Subcaves | Shifting Twisted Machinery released Hvy. Riot Gun 3345 | -10/Subcaves | Core integrity fell below 50% 3391 | -10/Subcaves | Learned location of Zion (-7) 3391 | -10/Subcaves | Met a Zionite searching for "candidates" 3416 | -10/Subcaves | A swath of the cavern ceiling suddenly collapsed 3572 | -10/Subcaves | Core integrity fell below 20% 4303 | -10/Subcaves | Visited Clippyterm 4341 | -10/Subcaves | Destroyed by BG-FYD(R) with Subdweller Machine Gun Last Messages --------------- 04209_ Acquired Battle Rifle. 04212_ Dropped Sub. Power Source. 04213_ Subatomizers dissect the Sub. Power Source. 04213_ Acquired Battle Cannon. 04294_ A thin wall crumbles away, revealing a door. 04303_ The door opens automatically. 04308_ Connecting with Clippyterm... 04308_ Current location identified: Subcaves >>Record "Clippyterm" Welcome to Clippyterm v0.53, my misguided attempt to resurrect an ancient AI. I give up. There must be something fundamentally wrong with the algorithm, because no matter how much data I collect to feed it, half the time it still manages to suggest unhelpful sample queries and responses. --DD-NU8 04313_ Sub. Optics shoots sparks and powers down. Map ----- +----------------------------------------------------+ | | | | | | | ?????????????????????????????????????????????????? | | ?????????????????????????????????????????????????? | | ?????????????????????????????????????????????????? | | ?????????????????????????????????????????????????? | | ?????????????????????????????????????????????????? | | ?????????????????????????????????????????????????? | | ?????????????????????????????????????????????????? | | ?????????????????????????????????????????????????? | | ?????????????????????????????????????????????????? | | ?????????????????????????????????????????????????? | | ?????????????????????????????????????????????????? | | ?????????????????????????????????????????????????? | | ?????????????????????????????????????????????????? | | ?????????????????????????????????????????????????? | | ????????????????????####?????????????????????????? | | ????????????######### ?????????????????????????? | | ???????????? ?????????????????????????? | | ???????????? ????????????????????????? | | ??????????? ????????????????#???????? | | ??????????? R ?????????????? #??????? | | ?????????? R #####???????? ##?????? | | ?????????? ## #???????? #?????? | | ?????????? @ #???????? ##????? | | ?????????? # #####???? #????? | | ????????????# # # # #???? #????? | | ????????????## #### ##???# ##???? | | ?????????????## ##???## ##### #???? | | ??????????????## ???????### # ## ##??? | | ???????????????# ??????????# #??? | | ?????????????? ???????????## #??? | | ????????????? ?????????????## ## # #??? | | ????????????? ???????????????###### ##??? | | ?????????????? ?????????????????????# #???? | | ?????????????????????????????#####?## ##??? | | ?????????????????????????????#"""### #??? | | ?????????????????????????????#"" ## # #??? | | ?????????????????????????????#"X # ##??? | | ?????????????????????????????#"" ## # #???? | | ?????????????????????????????#"""## #???? | | ?????????????????????????????##### #???? | | ????????????????????????????????# #???# | | ????????????????????????????????# #??## | | ????????????????????????????????# ##?## | | ????????????????????????????????# ##### ##??# | | ????????????????????????????????###??### ##??## | | ?????????????????????????????????????# ##???# | | ?????????????????????????????????????# ##???# | +----------------------------------------------------+ Best States ------------- Heat Dissipation 25 Energy Generation 10 Energy Capacity 250 Matter Stores 300 Matter Capacity 300 Sight Range 21 Terrain Scan Density 10 Evasion (%) 55 Targeting Accuracy 5 Recoil Reduction 1 Item Schematics ----------------- None Robot Schematics ------------------ None Fabricated ------------ Nothing Alien Tech Used ----------------- None Achievements -------------- None Challenges ------------ None Game ------ Seed TitaniumTeslaLance Manual? 0 Play Time 00:29:19 Cumulative 75.2 hours Start 2024.05.12 @ 19:40:49 End 2024.05.12 @ 20:08:04 Sessions 1 Manual Loads 0 Difficulty Rogue Special Mode None Game No. 64 Rogue 52 Adventurer 12 Explorer 0 Win Type - Total 1 Types 1/0/0/0/0/0/0/0/0 Lore% 26 Gallery% 46 Achievement% 39 Wizard Run 0 Options --------- Layout 2 ASCII 0 Keyboard 0 Movement Mouse Keybinds 0 Fullscreen 1 Font 24/Smallcaps Map View 50x44 Zoom Use 10% Tactical HUD 1 Map Filters NONE Filters NONE Steam 1 RUN: f00fadc0-d23c-450d-a2bf-c32491dd0070